 Dungeon Crawl Stone Soup version 0.21.0-3-g78d12a8 (webtiles) character file.

49 Gaball the Cudgeler (level 3, -6/39 HPs)
             Began as an Ogre Monk on Jan 11, 2018.
             Mangled by a gnoll
             ... wielding a +0 spear
              (10 damage)
             ... on level 2 of the Dungeon.
             The game lasted 00:01:43 (931 turns).

Gaball the Cudgeler (Ogre Monk)                      Turns: 931, Time: 00:01:45

Health: -6/39      AC:  3    Str: 15    XL:     3   Next: 75%
Magic:  3/3        EV: 10    Int: 11    God:
Gold:   98         SH:  0    Dex: 12    Spells: 2/2 levels left

rFire    . . .     SeeInvis .   a - +0 mace
rCold    . . .     Gourm    .   (no shield)
rNeg     . . .     Faith    .   b - +0 robe
rPois    .         Spirit   .   (helmet restricted)
rElec    .         Reflect  .   (no cloak)
rCorr    .         Harm     .   (gloves unavailable)
MR       .....                  (boots unavailable)
Stlth    ++........             (no amulet)
HPRegen  0.13/turn              (no ring)
MPRegen  0.08/turn              (no ring)

@: no status effects
A: large, unfitting armour, tough skin 1
a: no special abilities


You were on level 2 of the Dungeon.
You were not hungry.

You visited 1 branch of the dungeon, and saw 2 of its levels.

You collected 98 gold pieces.

Inventory:

Hand Weapons
 a - a +0 mace (weapon)
Missiles
 o - a throwing net (quivered)
Armour
 b - a +0 robe (worn)
Jewellery
 d - an uncursed amulet of the gourmand {unknown}
Scrolls
 e - a scroll of fog {unknown}
 f - a scroll of teleportation {unknown}
 g - 3 scrolls of identify {unknown}
 j - a scroll of enchant armour {unknown}
 k - a scroll of amnesia {unknown}
 l - a scroll of magic mapping {unknown}
 m - a scroll of enchant weapon {unknown}
 n - a scroll of remove curse {unknown}
Potions
 h - a potion of might {unknown}
 i - 2 potions of curing {unknown}
Comestibles
 c - 2 rations


   Skills:
 - Level 4.0 Fighting
 + Level 4.2 Maces & Flails
 - Level 2.6 Dodging
 - Level 1.4 Stealth


You had 2 spell levels left.
You didn't know any spells.

Dungeon Overview and Level Annotations

Branches:
Dungeon (2/15)

Altars:
Xom

Annotations:
D:2 Natasha


Innate Abilities, Weirdness & Mutations

You are too large for most types of armour.
You have tough skin. (AC +1)


Message History

A kobold comes into view. It is wielding a short sword.
Natasha mumbles some strange words.
You feel troubled. Natasha claws you.
A gnoll comes into view.
You hit Natasha.
Natasha is moderately wounded.
The gnoll hits you from afar with a spear!
Natasha barely misses you.
You see here an adder corpse.
Natasha casts a spell at you. The magic dart hits you!
* * * LOW HITPOINT WARNING * * *
Natasha casts a spell.
The crimson imp blinks!
Natasha mumbles some strange words.
The crimson imp blinks!
There is a stone staircase leading up here.
The gnoll hits you from afar with a spear!
You die...

#.......##>...................
##.####.##.##########..####### #
###.####.##..............(.....
...........#########..........###
#..######.## #........[.# #
...### #.# ####.......^..# #
...... #.# #.............# #
#....###.#######.............# #
#.......Kg..gg.@.............# #
#.....†...gh5......#######.### #
#..#.....#.#####............####
#..?.#..##.# #......).....##..
#..#.......# #.............#.)
#.##...##### ###.....†...#.#.. ##
#5..# #.........#...( #...#
#.........##... #...#
#.........##...


You could see an iron imp, Natasha, 4 gnolls and a kobold.

Vanquished Creatures
  2 adders (D:2)
  A worm (D:2)
  A giant cockroach (D:2)
  4 hobgoblins (D:1)
  A quokka (D:2)
  A ball python (D:1)
  6 bats
  A frilled lizard (D:1)
  5 goblins
  2 kobolds (D:2)
  6 rats
30 creatures vanquished.

Notes
Turn   | Place    | Note
-------+----------+-------------------------------------------
     0 | D:1      | Gaball the Ogre Monk began the quest for the Orb.
     0 | D:1      | Reached XP level 1. HP: 24/24 MP: 1/1
   195 | D:1      | Reached XP level 2. HP: 32/32 MP: 2/2
   615 | D:2      | Reached XP level 3. HP: 20/39 MP: 3/3
   876 | D:2      | Found a shimmering altar of Xom.
   915 | D:2      | Noticed Natasha
   931 | D:2      | Mangled by a gnoll

Skill      XL: |  1  2  3 |
---------------+----------+-----
Maces & Flails | 3 4 |  4.2
Fighting       | |  4.0
Dodging        | |  2.6
Stealth        | |  1.4

Action                   || total
-------------------------++-------
Melee: Mace              ||    79
 Stab: Sleeping          ||     4
Armor: Robe              ||    21
Dodge: Dodged            ||    48
